 Dungeon Crawl Stone Soup version 0.22.1-2-g9c5b331383 (webtiles) character file.

1051 Gargoyl the Skirmisher (level 8, -8/70 HPs)
             Began as a Centaur Abyssal Knight on Jan 6, 2019.
             Was a Priest of Lugonu.
             Mangled by an ogre
             ... wielding a +0 giant spiked club
              (20 damage)
             ... on level 5 of the Dungeon.
             The game lasted 00:07:30 (5310 turns).

Gargoyl the Skirmisher (Centaur Abyssal Knight)     Turns: 5310, Time: 00:07:31

Health: -8/70      AC: 10    Str: 13 (16) XL:     8   Next: 5%
Magic:  11/11      EV:  2    Int: 10 (11) God:    Lugonu [***...]
Gold:   231        SH:  0    Dex:  7 (10) Spells: 7/7 levels left

rFire    . . .     SeeInvis .   a - +1 hand axe
rCold    . . .     Gourm    .   (no shield)
rNeg     . . .     Faith    .   e - +1 plate armour
rPois    .         Spirit   .   (no helmet)
rElec    .         Reflect  .   (no cloak)
rCorr    .         Harm     .   (no gloves)
MR       .....                  (no barding)
Stlth    ..........             (no amulet)
HPRegen  0.21/turn              b - ring of stealth
MPRegen  0.12/turn              (no ring)

@: very quick
A: large, hooves 3, deformed body, speed 2, tough skin 3
a: Depart the Abyss, Bend Space, Banish, Renounce Religion


You were on level 5 of the Dungeon.
You worshipped Lugonu.
Lugonu was most pleased with you.
You were not hungry.

You visited 1 branch of the dungeon, and saw 5 of its levels.
You visited the Abyss 1 time.

You collected 231 gold pieces.

Inventory:

Hand Weapons
 a - a +1 hand axe (weapon)
Armour
 e - a +1 plate armour (worn)
Jewellery
 b - a ring of stealth (left hand)
Wands
 g - a wand of random effects (33)
Scrolls
 d - a scroll of remove curse
 f - a scroll of random uselessness
 h - a scroll of amnesia
Potions
 j - a potion of agility {unknown}
 k - a potion of flight
Comestibles
 c - 8 rations


   Skills:
 + Level 6.1 Fighting
 + Level 3.8 Axes
 * Level 3.9 Armour
 * Level 1.8 Dodging
 * Level 4.2 Invocations
 + Level 0.8 Evocations


You had 7 spell levels left.
You didn't know any spells.
Your spell library contained the following spells:

 Spells                   Type           Power        Failure   Level  Hunger
 Confusing Touch          Hex            #.....       100%        1    ##.....
 Confuse                  Hex            #.......     100%        3    ####...
 Gell's Gravitas          Tloc           #.........   100%        3    ####...
 Petrify                  Tmut/Erth      #.......     100%        4    #####..
 Metabolic Englaciation   Hex/Ice        #.........   100%        5    ######.
 Yara's Violent Unravell  Hex/Tmut       #.........   100%        5    ######.


Dungeon Overview and Level Annotations

Branches:
Dungeon (5/15)
 Temple: D:4-7

Altars:
Gozag
Kikubaaqudgha
Ru

Shops:
D:4 *


Innate Abilities, Weirdness & Mutations

You have hooves in place of feet.
Armour fits poorly on your strangely shaped body.
You cover ground very quickly.
You have extremely tough skin. (AC +3)


Message History

You hit the ogre.
The ogre is lightly wounded.
The ogre hits you with a giant spiked club!
You hit the ogre.
The ogre is moderately wounded.
The ogre hits you with a giant spiked club.
Your plate armour prevents you from hitting the ogre.
You kick the ogre.
The ogre is heavily wounded.
The ogre hits you with a giant spiked club!
You hit the ogre. You kick the ogre, but do no damage.
The ogre is severely wounded.
Your plate armour prevents you from hitting the ogre.
The ogre is severely wounded.
The ogre hits you with a giant spiked club!!
* * * LOW HITPOINT WARNING * * *
You hit the ogre.
The ogre is severely wounded.
The ogre hits you with a giant spiked club!!
You die...

#.... ............
#...###...........
#...##............
#..#.....#........
######..##.#.##........
........####...........
........# ##..........
........# ###........
......... #@.......
......... #O.......
.......... .........
.....###.. ....##....
.#### ##. ..#### ##..
..# . ... ...


You could see an ogre.

Vanquished Creatures
  2 large abominations (Abyss:2)
  Duvessa (D:4)
  A small abomination (Abyss:2)
  Dowan (D:4)
  A water moccasin skeleton (D:4)
  An orc wizard (D:4)
  Natasha (thrice) (D:4)
  An iguana (D:5)
  3 worker ants (D:4)
  7 gnolls
  10 adders
  An ufetubus (Abyss:2)
  An ooze (D:2)
  3 worms
  5 dart slugs
  5 leopard geckos
  3 orcs (D:3)
  3 ball pythons
  7 bats
  4 giant cockroaches
  15 goblins
  7 hobgoblins
  3 jackals
  2 quokkas
  4 frilled lizards
  4 kobolds
  6 rats
104 creatures vanquished.

Vanquished Creatures (others)
  A human (D:2)
1 creature vanquished.

Grand Total: 105 creatures vanquished

Notes
Turn   | Place    | Note
-------+----------+-------------------------------------------
     0 | Abyss:1  | Gargoyl the Centaur Abyssal Knight began the quest for the
                  | Orb.
     0 | Abyss:1  | Reached XP level 1. HP: 19/19 MP: 2/2
    80 | Abyss:2  | Noticed a large abomination
    87 | Abyss:2  | Noticed a large abomination
   105 | Abyss:2  | Killed a large abomination
   105 | Abyss:2  | Reached skill level 4 in Fighting
   105 | Abyss:2  | Reached XP level 2. HP: 28/28 MP: 3/3
   106 | Abyss:2  | Reached XP level 3. HP: 34/34 MP: 4/4
   106 | Abyss:2  | Reached XP level 4. HP: 41/41 MP: 5/5
   136 | Abyss:2  | Killed a large abomination
   136 | Abyss:2  | Reached skill level 5 in Fighting
   136 | Abyss:2  | Reached XP level 5. HP: 40/48 MP: 5/7
   137 | Abyss:2  | Reached XP level 6. HP: 47/56 MP: 5/8
   149 | Abyss:2  | Reached skill level 1 in Dodging
   162 | Abyss:2  | Noticed a sixfirhy
   163 | D:1      | Escaped the Abyss
   519 | D:2      | Reached * piety under Lugonu
  1442 | D:2      | Reached ** piety under Lugonu
  1896 | D:2      | Reached XP level 7. HP: 61/62 MP: 9/9
  2013 | D:2      | Found an ancient bone altar of Kikubaaqudgha.
  2016 | D:2      | Noticed a human
  2017 | D:2      | Killed a human
  3424 | D:3      | Reached *** piety under Lugonu
  3533 | D:4      | Noticed Natasha
  3541 | D:4      | Killed Natasha
  3550 | D:4      | Noticed Dowan
  3551 | D:4      | Noticed Duvessa
  3573 | D:4      | Killed Duvessa
  3573 | D:4      | Reached skill level 6 in Fighting
  3597 | D:4      | Killed Dowan
  3875 | D:4      | Found Gozag's Platinum Reserve.
  3954 | D:4      | Noticed Natasha
  4016 | D:5      | Entered Level 5 of the Dungeon
  4282 | D:4      | Killed Natasha
  4349 | D:4      | Noticed Natasha
  4363 | D:4      | Killed Natasha
  4547 | D:4      | Found an opulent altar of Gozag.
  4725 | D:4      | Found a sacrificial altar of Ru.
  4859 | D:4      | Reached XP level 8. HP: 38/70 MP: 11/11
  5310 | D:5      | Mangled by an ogre

Skill      XL: |  1  2  3  4  5  6  7 |
---------------+----------------------+-----
Fighting       | 4 5 6 |  6.1
Axes           | 2 3 |  3.8
Armour         | 2 3 |  3.9
Invocations    | 3 4 |  4.2
Dodging        | 1 |  1.8
Evocations     | |  0.8

Action                   |  1- 3 |  4- 6 |  7- 9 || total
-------------------------+-------+-------+-------++-------
Melee: Hand axe          |       |   159 |   269 ||   428
       Kick              |       |    26 |    54 ||    80
Invok: Depart the Abyss  |       |     1 |       ||     1
       Bend Space        |       |       |     1 ||     1
Evoke: Wand              |     3 |     8 |       ||    11
  Use: Potion            |       |       |     6 ||     6
       Scroll            |       |       |     8 ||     8
  Eat: Chunk             |       |     2 |     6 ||     8
       Ration            |       |       |     1 ||     1
Armor: Leather armour    |       |     3 |       ||     3
       Plate armour      |       |   130 |   230 ||   360
Dodge: Dodged            |       |    26 |    30 ||    56
